 Dungeon Crawl Stone Soup version 0.30.0-19-g36f170ea60 (webtiles) character file.

Game seed: 6913646020374549956

242 FishyPogo the Insei (level 6, 0/47 HPs)
             Began as a Gnoll Transmuter on May 30, 2023.
             Was a Believer of Zin.
             Slain by a black bear (2 damage)
             ... on level 4 of the Dungeon.
             The game lasted 00:13:03 (2151 turns).

FishyPogo the Insei (Gnoll Transmuter)              Turns: 2151, Time: 00:13:04

Health: 0/47       AC:  8    Str:  9    XL:     6   Next: 9%
Magic:  14/14      EV: 10    Int: 14    God:    Zin [**....]
Gold:   182        SH:  0    Dex: 17    Spells: 9/15 levels left

rFire   . . .        m - +4 short sword
rCold   + . .        (no shield)
rNeg    . . .        q - +0 scale mail of the Hot Ocelot {rC+ Dex+4}
rPois   .            (no helmet)
rElec   .            i - +1 cloak
rCorr   .            (no gloves)
SInv    .            (no boots)
Will    .....        (no amulet)
Stlth   +            (no ring)
HPRegen 0.27/turn    (no ring)
MPRegen 0.14/turn

%: no passive effects
@: no status effects
A: fangs 1, strong nose, distributed training
a: Renounce Religion, Recite, Vitalisation, Donate Gold


You were on level 4 of the Dungeon.
You worshipped Zin.
Zin was pleased with you.
You visited 1 branch of the dungeon, and saw 4 of its levels.

You collected 202 gold pieces.
You donated 20 gold pieces to Zin.

Inventory:

Hand Weapons
 m - a +4 short sword (weapon)
Missiles
 f - 38 stones
 r - 5 poisoned darts
Armour
 a - a +0 robe
 i - a +1 cloak (worn)
 q - the +0 scale mail of the Hot Ocelot (worn) {rC+ Dex+4}
   (You found it on level 3 of the Dungeon)

   Dex:       It affects your dexterity (+4).
   rC:        It protects you from cold.
Scrolls
 c - a scroll of amnesia {unknown}
 e - 3 scrolls of identify {unknown}
 g - 2 scrolls of teleportation {unknown}
 h - 2 scrolls of fear {unknown}
 j - a scroll of brand weapon {unknown}
 k - a scroll of vulnerability {unknown}
 l - a scroll of fog {unknown}
 n - 2 scrolls of poison {unknown}
 p - a scroll of magic mapping {unknown}
Potions
 b - 3 potions of lignification
 d - 2 potions of curing
 o - a potion of flight {unknown}


   Skills:
 + Level 3.2 Fighting
 + Level 1.8 Short Blades
 + Level 1.8 Long Blades
 + Level 1.8 Axes
 + Level 1.8 Maces & Flails
 + Level 1.8 Polearms
 + Level 1.8 Staves
 + Level 1.8 Ranged Weapons
 + Level 1.8 Throwing
 + Level 1.8 Armour
 + Level 4.9 Dodging
 + Level 1.8 Stealth
 + Level 1.8 Shields
 + Level 6.8 Unarmed Combat
 + Level 5.3 Spellcasting
 + Level 1.4 Conjurations
 + Level 1.4 Hexes
 + Level 1.4 Summonings
 + Level 1.4 Necromancy
 + Level 1.4 Translocations
 + Level 4.1 Transmutations
 + Level 1.4 Fire Magic
 + Level 1.4 Ice Magic
 + Level 1.4 Air Magic
 + Level 1.4 Earth Magic
 + Level 1.4 Poison Magic
 + Level 2.0 Invocations
 + Level 1.8 Evocations


You had 9 spell levels left.
You knew the following spells:

 Your Spells              Type           Power      Damage    Failure   Level
a - Beastly Appendage     Tmut           30%        N/A       24%         1
b - Wereblood             Tmut           15%        N/A       36%         2
c - Spider Form           Tmut/Pois      11%        N/A       77%         3

Your spell library contained the following spells:

 Spells                   Type           Power      Damage    Failure   Level
 Ice Form                 Ice/Tmut       11%        N/A       99%         4


Dungeon Overview and Level Annotations

Branches:
Dungeon (4/15)
 Temple: D:4-7

Altars:
Zin


Innate Abilities, Weirdness & Mutations

You have very sharp teeth.
Your uncanny sense of smell can sniff out nearby items.
Your experience applies equally to all skills.


Message History

The black bear bites you!
The black bear claws you but does no damage.
The black bear misses you.
You are too injured to fight recklessly!
You hit the black bear.
The black bear is heavily wounded.
The black bear misses you. The black bear barely misses you.
The black bear closely misses you.
You hit the black bear.
The black bear is severely wounded.
You closely miss the black bear.
The black bear is severely wounded.
The black bear bites you.
The black bear claws you but does no damage.
The black bear barely misses you.
You hit the black bear but do no damage.
The black bear is severely wounded.
The black bear bites you but does no damage.
The black bear claws you but does no damage. x2
You hit the black bear.
The black bear is severely wounded.
The black bear bites you. The black bear closely misses you.
The black bear claws you but does no damage.
You hit the black bear. You punch the black bear.
The black bear is almost dead.
The black bear goes berserk!
You barely miss the black bear.
The black bear is almost dead.
The black bear bites you!
* * * LOW HITPOINT WARNING * * *
The black bear claws you but does no damage.
The black bear claws you.
* * * LOW HITPOINT WARNING * * *
You barely miss the black bear.
The black bear is almost dead.
The black bear bites you.
* * * LOW HITPOINT WARNING * * *
The black bear claws you but does no damage.
The black bear closely misses you. The black bear bites you.
You die...

########################
................@h(....#
######################.#
# ## . .#### ∆ ∆ . ....
. ..# ##..#####
......... ##..###..


You could see a black bear (berserk).

Vanquished Creatures
  A scorpion (D:4)
  Crazy Yiuf (D:3)
  Jessica (D:3)
  6 adders
  2 worms
  2 dart slugs
  An orc (D:4)
  7 bats
  7 endoplasms
  2 giant cockroaches
  3 goblins
  9 hobgoblins
  3 quokkas
  7 ball pythons
  2 frilled lizards (D:3)
  5 kobolds
  6 rats
65 creatures vanquished.

Notes
Turn   | Place    | Note
-------+----------+-------------------------------------------
     0 | D:1      | FishyPogo the Gnoll Transmuter began the quest for the Orb.
     0 | D:1      | Reached XP level 1. HP: 17/17 MP: 6/6
   108 | D:1      | Reached XP level 2. HP: 23/23 MP: 5/7
   116 | D:1      | Learned a level 2 spell: Wereblood
   532 | D:2      | Reached skill level 5 in Spellcasting
   532 | D:2      | Reached XP level 3. HP: 23/28 MP: 5/9
   536 | D:2      | Learned a level 3 spell: Spider Form
   623 | D:2      | Reached skill level 1 in Invocations
   735 | D:2      | Reached skill level 1 in Short Blades
   735 | D:2      | Reached skill level 1 in Long Blades
   735 | D:2      | Reached skill level 1 in Axes
   735 | D:2      | Reached skill level 1 in Maces & Flails
   735 | D:2      | Reached skill level 1 in Polearms
   735 | D:2      | Reached skill level 1 in Staves
   735 | D:2      | Reached skill level 1 in Ranged Weapons
   735 | D:2      | Reached skill level 1 in Throwing
   735 | D:2      | Reached skill level 1 in Armour
   735 | D:2      | Reached skill level 1 in Stealth
   735 | D:2      | Reached skill level 1 in Shields
   735 | D:2      | Reached skill level 1 in Evocations
   823 | D:2      | Reached XP level 4. HP: 34/34 MP: 8/11
  1173 | D:3      | Reached skill level 1 in Conjurations
  1173 | D:3      | Reached skill level 1 in Hexes
  1173 | D:3      | Reached skill level 1 in Summonings
  1173 | D:3      | Reached skill level 1 in Necromancy
  1173 | D:3      | Reached skill level 1 in Translocations
  1173 | D:3      | Reached skill level 1 in Fire Magic
  1173 | D:3      | Reached skill level 1 in Ice Magic
  1173 | D:3      | Reached skill level 1 in Air Magic
  1173 | D:3      | Reached skill level 1 in Earth Magic
  1173 | D:3      | Reached skill level 1 in Poison Magic
  1463 | D:3      | Identified the +0 scale mail of the Hot Ocelot {rC+ Dex+4}
  1534 | D:3      | Found a faded altar of an unknown god.
  1542 | D:3      | Prayed at the altar of an unknown god.
  1542 | D:3      | Became a worshipper of Zin the Law-Giver
  1542 | D:3      | Reached * piety under Zin
  1542 | D:3      | Reached ** piety under Zin
  1600 | D:3      | Reached XP level 5. HP: 40/40 MP: 12/12
  1635 | D:3      | Noticed Jessica
  1648 | D:3      | Killed Jessica
  1734 | D:3      | Found a runed translucent door.
  1735 | D:3      | Noticed Crazy Yiuf
  1751 | D:3      | Zin protects you from harm!
  1752 | D:3      | Killed Crazy Yiuf
  2090 | D:4      | Reached XP level 6. HP: 41/47 MP: 14/14
  2134 | D:4      | Noticed a black bear
  2151 | D:4      | HP: 2/47 [black bear (2)]
  2151 | D:4      | Slain by a black bear

Illustrated notes

Levels and vault maps discovered:
D:1:      dpeg_arrival_long_road, layout_rooms, dreamdust_princess_bridge,
          hangedman_decor_points
D:2:      layout_rooms, minmay_split_cup_large
D:3:      layout_basic, ebering_ecumenical_altar_sacrificial, uniq_jessica,
          uniq_crazy_yiuf_cottage
D:4:      layout_loops_ring, grunt_temple_overflow_open,
          nicolae_overflow_hidden_temple, nicolae_overflow_hallway_of_the_gods

Skill      XL: |  1  2  3  4  5 |
---------------+----------------+-----
Spellcasting   | 5 |  5.3
Invocations    | 1 2 |  2.0
Short Blades   | 1 |  1.8
Long Blades    | 1 |  1.8
Axes           | 1 |  1.8
Maces & Flails | 1 |  1.8
Polearms       | 1 |  1.8
Staves         | 1 |  1.8
Ranged Weapons | 1 |  1.8
Throwing       | 1 |  1.8
Armour         | 1 |  1.8
Stealth        | 1 |  1.8
Shields        | 1 |  1.8
Evocations     | 1 |  1.8
Conjurations   | 1 |  1.4
Hexes          | 1 |  1.4
Summonings     | 1 |  1.4
Necromancy     | 1 |  1.4
Translocations | 1 |  1.4
Fire Magic     | 1 |  1.4
Ice Magic      | 1 |  1.4
Air Magic      | 1 |  1.4
Earth Magic    | 1 |  1.4
Poison Magic   | 1 |  1.4
Fighting       | 3 |  3.2
Transmutations | 4 |  4.1
Dodging        | |  4.9
Unarmed Combat | |  6.8

Action                     |  1- 3 |  4- 6 || total
---------------------------+-------+-------++-------
  Melee: Unarmed           |    72 |    21 ||    93
         Kick              |    11 |    13 ||    24
         Headbutt          |     5 |     5 ||    10
         Bite              |     4 |    11 ||    15
         Short sword       |       |   107 ||   107
         Punch             |       |     2 ||     2
  Throw: Dart              |       |     1 ||     1
   Cast: Beastly Appendage |    19 |     8 ||    27
         Wereblood         |     1 |     1 ||     2
    Use: Potion            |       |     2 ||     2
   Stab: Sleeping          |     1 |     1 ||     2
 Armour: Robe              |     7 |    15 ||    22
         Scale mail        |       |    17 ||    17
  Dodge: Dodged            |    41 |    71 ||   112
